 Dungeon Crawl Stone Soup version 0.30-a0-743-gbfdf073431 (webtiles) character file.

Game seed: 7150181402133242972

112637 Bnni the Markself (level 16, -13/90 HPs)
             Began as a Deep Elf Hunter on Feb 6, 2023.
             Was the Champion of Hepliaklqana.
             Hit by a large rock thrown by Polyphemus (35 damage)
             ... on level 1 of the Shoals.
             The game lasted 01:10:19 (21611 turns).

Bnni the Markself (Deep Elf Hunter)                Turns: 21611, Time: 01:10:20

Health: -13/90     AC: 17    Str:  8    XL:     16   Next: 12%
Magic:  28/28      EV: 26    Int: 22    God:    Hepliaklqana [******]
Gold:   989        SH:  7    Dex: 30    Spells: 4/27 levels left

rFire   + . .      SeeInvis .    a - +5 hand crossbow
rCold   + + .      Faith    .    s - +0 buckler
rNeg    + + .      Spirit   .    S - +9 Cigotuvi's embrace {Corpsefed rMiasma Drain rN+}
rPois   .          Reflect  .    W - +0 helmet
rElec   .          Harm     .    w - +0 cloak
rCorr   .          Rampage  .    k - +0 pair of gloves
Will    +....                    Y - +0 pair of boots
Stlth   ++                       P - amulet of regeneration
HPRegen 1.15/turn                E - ring of Modesty {rF+ rN+ Int+3}
MPRegen 0.21/turn                D - ring "Paogin" {Contam rC++ Int+2 Dex+6}

@: studying Polearms
A: reduced essence
a: Renounce Religion, Recall Ancestor, Ancestor Identity, Transference, Idealise


You were on level 1 of the Shoals.
You worshipped Hepliaklqana.
Hepliaklqana was exalted by your worship.
You visited 5 branches of the dungeon, and saw 25 of its levels.
You also visited: Sewer, Gauntlet, Ice Cave and Volcano.

You collected 3561 gold pieces.
You spent 2572 gold pieces at shops.

Inventory:

Hand Weapons
 a - a +5 hand crossbow (weapon)
Missiles
 t - 10 curare-tipped darts
 Q - 3 throwing nets
Armour
 k - a +0 pair of gloves (worn)
 s - a +0 buckler (worn)
 w - a +0 cloak (worn)
 S - the +9 Cigotuvi's embrace (worn) {Corpsefed rMiasma Drain rN+}
   (You found it in a Gauntlet)

   Corpsefed: It gathers nearby corpses to temporarily increase the armour it
   provides.
   rMiasma:   It protects you from foul pestilence.
   rN:        It protects you from negative energy.
   Drain:     It drains your maximum health when unequipped.
 W - a +0 helmet (worn)
 Y - a +0 pair of boots (worn)
Jewellery
 D - the ring "Paogin" (right hand) {Contam rC++ Int+2 Dex+6}
   (You acquired it on level 2 of the Orcish Mines)

   [ring of dexterity]

   Int:       It affects your intelligence (+2).
   Dex:       It affects your dexterity (+6).
   rC:        It greatly protects you from cold.
   Contam:    It causes magical contamination when unequipped.
 E - the ring of Modesty (left hand) {rF+ rN+ Int+3}
   (You found it on level 5 of the Dungeon)

   [ring of protection from fire]

   Int:       It affects your intelligence (+3).
   rF:        It protects you from fire.
   rN:        It protects you from negative energy.
 O - a ring of positive energy
 P - an amulet of regeneration (around neck)
Wands
 r - a wand of mindburst (12)
 B - a wand of paralysis (8)
 K - a wand of iceblast (20)
 R - a wand of light (4)
Scrolls
 b - 5 scrolls of immolation
 e - 5 scrolls of poison
 f - 5 scrolls of magic mapping
 h - 16 scrolls of teleportation
 i - 4 scrolls of fear
 j - a scroll of summoning
 q - 4 scrolls of enchant armour
 u - 4 scrolls of blinking
 F - 4 scrolls of fog
 H - 4 scrolls of vulnerability
 T - 3 scrolls of silence
Potions
 c - 7 potions of mutation {unknown}
 d - 5 potions of flight
 g - 2 potions of ambrosia {unknown}
 l - 6 potions of heal wounds
 m - a potion of attraction {unknown}
 n - 2 potions of cancellation {unknown}
 o - 3 potions of curing
 p - 7 potions of haste
 x - a potion of resistance
 z - 6 potions of brilliance {unknown}
 A - 2 potions of experience {unknown}
 C - 3 potions of might {unknown}
 G - 4 potions of magic
 J - a potion of berserk rage {unknown}
 M - 4 potions of degeneration {unknown}
 N - 4 potions of lignification
Miscellaneous
 v - a condenser vane (inert)


   Skills:
 + Level 11.4 Fighting
 - Level 18.0 Ranged Weapons
 + Level 4.2 Armour
 + Level 14.1 Dodging
 - Level 1.2 Stealth
 - Level 4.0 Shields
 - Level 6.0 Spellcasting
 - Level 10.0 Hexes
 - Level 8.0 Summonings
 - Level 3.0 Translocations
 * Level 6.9 Transmutations
 - Level 14.0 Invocations


You had 4 spell levels left.
You knew the following spells:

 Your Spells              Type           Power      Damage    Failure   Level
a - Summon Guardian Gole  Hex/Summ       46%        N/A       1%          3
c - Portal Projectile     Hex/Tloc       70%        N/A       3%          3
d - Cause Fear            Hex            25%        N/A       2%          4
i - Yara's Violent Unrav  Hex/Tmut       21%        3d10      14%         5
t - Tukima's Dance        Hex            50%        N/A       1%          3
v - Summon Mana Viper     Hex/Summ       46%        N/A       11%         5

Your spell library contained the following spells:

 Spells                   Type           Power      Damage    Failure   Level
 Summon Small Mammal      Summ           100%       N/A       1%          1
 Call Canine Familiar     Summ           41%        N/A       1%          3
 Confusing Touch          Hex            50%        N/A       1%          3
 Passwall                 Tmut/Erth      17%        N/A       6%          2
 Inner Flame              Hex/Fire       28%        N/A       6%          3
 Kiss of Death            Conj/Necr      24%        2d7       16%         1
 Sandblast                Erth           12%        2d6       16%         1
 Ignite Poison            Fire/Tmut/Pois 16%        N/A       19%         3
 Leda's Liquefaction      Hex/Erth       14%        N/A       21%         4
 Cigotuvi's Dreadful Rot  Necr/Pois/Air  12%        N/A       24%         2
 Poisonous Vapours        Pois/Air       12%        N/A       24%         2
 Scorch                   Fire           12%        2d6       24%         2
 Sublimation of Blood     Necr           6%         N/A       24%         2
 Summon Ice Beast         Ice/Summ       24%        N/A       30%         4
 Summon Lightning Spire   Summ/Air       24%        N/A       30%         4
 Petrify                  Tmut/Erth      21%        N/A       36%         4
 Mephitic Cloud           Conj/Pois/Air  6%         N/A       43%         3
 Ozocubu's Armour         Ice            6%         N/A       43%         3
 Stone Arrow              Conj/Erth      12%        3d7       43%         3
 Passage of Golubria      Tloc           19%        N/A       43%         4
 Airstrike                Air            3%         2d(1-17)  85%         4
 Animate Dead             Necr           6%         N/A       85%         4
 Dispel Undead            Necr           6%         3d8       85%         4
 Flame Wave               Conj/Fire      6%         2d5       85%         4
 Sticky Flame             Conj/Fire      6%         2d3       85%         4
 Metabolic Englaciation   Hex/Ice        14%        N/A       50%         5
 Summon Cactus Giant      Summ           20%        N/A       67%         6
 Irradiate                Conj/Tmut      10%        3d15      73%         5
 Borgnjor's Vile Clutch   Necr/Erth      3%         N/A       99%         5
 Freezing Cloud           Conj/Ice/Air   3%         6-21      99%         5
 Lightning Bolt           Conj/Air       3%         1d14      99%         5
 Monstrous Menagerie      Summ           20%        N/A       99%         7
 Death Channel            Necr           3%         N/A       100%        6
 Simulacrum               Ice/Necr       3%         N/A       100%        6
 Discord                  Hex            25%        N/A       100%        8
 Ignition                 Fire           3%         3d4       100%        8
 Polar Vortex             Ice            3%         N/A       100%        9


Dungeon Overview and Level Annotations

Branches:
Dungeon (15/15)            Temple (1/1) D:5            Lair (5/5) D:10
 Shoals (1/4) Lair:3        Snake (0/4) Lair:3        Slime (0/5) Lair:4
    Orc (2/2) D:11            Elf (0/3) Orc:2        Vaults (0/5) D:13
  Sewer (visited)           IceCv (visited)         Volcano (visited)
Gauntlet (visited)
 Depths: D:15

Altars:
Ashenzari
Elyvilon
Hepliaklqana
Kikubaaqudgha
Makhleb
Nemelex Xobeh
Okawaru
Qazlal
Trog
Uskayaw
Wu Jian
The Shining One

Shops:
D:4 [   D:8 :   D:14 *   Orc:2 [?:((   Shoals:1 (:

Annotations:
D:7 2 transporters, Vildbasse's ghost, novice FoVM
Shoals:1 Polyphemus
Shoals:2 Donald


Message History

* * * LOW HITPOINT WARNING * * *
You climb upwards.
There is a stone staircase leading down here.
Blink to where?
Press: ? - help, Dir - move target
As you read the scroll of blinking, it crumbles to dust.
Fire: a) +5 hand crossbow
Press: ? - help, Shift-Dir - straight line, f - death yak
Aim: a death yak (almost dead, 88% to hit)
You shoot a bolt. The bolt hits the death yak!!!
You kill the death yak!
Throw: 12 darts (curare)
Press: ? - help, Shift-Dir - straight line, f - Polyphemus
Aim: Polyphemus, quivering large rocks (moderately wounded, 89% to hit)
You throw a curare-tipped dart.
The curare-tipped dart barely misses Polyphemus.
Throw: 11 darts (curare)
Press: ? - help, Shift-Dir - straight line, f/p - Polyphemus
Aim: Polyphemus, quivering large rocks (moderately wounded, 89% to hit)
You throw a curare-tipped dart. The curare-tipped dart hits Polyphemus.
Polyphemus is poisoned.
Polyphemus convulses.
Polyphemus seems to slow down.
Polyphemus is moderately wounded.
Polyphemus drinks a potion.
Polyphemus is healed!
Polyphemus looks more healthy.
Fire: a) +5 hand crossbow
Press: ? - help, Shift-Dir - straight line, f/p - Polyphemus
Aim: Polyphemus, quivering large rocks (moderately wounded, slow, 92% to hit)
You shoot a bolt. The bolt hits Polyphemus!
Polyphemus is heavily wounded.
Polyphemus throws a large rock.
The large rock hits you!
* * * LOW HITPOINT WARNING * * *
Fire: a) +5 hand crossbow
Press: ? - help, Shift-Dir - straight line, f/p - Polyphemus
Aim: Polyphemus, quivering large rocks (heavily wounded, slow, 92% to hit)
You shoot a bolt. The bolt hits Polyphemus!
Polyphemus is heavily wounded.
A chunk of your corpse armour falls away.
Polyphemus throws a large rock.
The large rock hits you!!
You die...

#####################
≈≈≈≈≈≈≈≈≈≈≈≈≈≈≈≈≈≈≈≈≈
≈≈≈≈≈≈≈≈≈≈~~≈≈≈≈≈≈≈≈≈≈
≈≈≈≈≈≈≈~~~~~~~≈≈≈≈≈≈≈≈≈
≈≈≈≈≈≈~~~...~~~≈≈≈≈≈≈≈≈≈≈≈≈≈
≈≈≈≈≈≈≈≈~....@..~~≈≈≈≈≈≈≈≈≈≈≈≈
≈≈≈≈≈≈≈≈≈≈~..###..~~~≈≈≈≈≈≈≈≈≈≈≈
≈≈≈≈≈≈≈≈≈≈≈~.## ##..~~~~~~~~~~≈≈≈
≈≈≈≈≈≈≈≈≈≈≈~.## ##(..~~~~~~~~~~≈≈
≈≈≈≈≈≈≈≈≈≈~~~.# #..C..~~....~~~≈≈
≈≈≈≈≈≈≈≈≈≈~~~.###............~~~≈
≈≈≈~~~≈≈≈≈~~~..#..........##..~~≈
~~~~~~~~≈≈~~..######>(~..###..~~≈
~~~~~~~~~~~~### #.....###..~~~


You could see Polyphemus (slow).

Vanquished Creatures
  Jorgrun (D:12)
  Agnes (D:14)
  An azure jelly (IceCv)
  A quicksilver ooze (IceCv)
  A minotaur (Gauntlet)
  Snorg (D:11)
  A blizzard demon (Gauntlet)
  A merfolk javelineer (Shoals:1)
  Josephine (D:13)
  Harold (D:11)
  3 vault guards
  3 hydras
  2 ogre magi
  A catoblepas (D:14)
  A merfolk avatar (Lair:5)
  2 boulder beetles
  6 centaur warriors
  A satyr (Shoals:1)
  8 two-headed ogres
  A death yak (Shoals:1)
  A hell hog (Gauntlet)
  Urug (D:12)
  A hell knight (Volcano)
  2 skeletal warriors (D:14)
  2 sea snakes (Shoals:1)
  3 wizards
  The ghost of anet the Covered, a novice GrCj of Sif Muna (D:11)
  A harpy (Lair:5)
  20 slime creatures
  A wolf spider zombie (D:12)
  A necromancer (D:13)
  3 orc knights
  2 orc sorcerers
  8 fauns (Shoals:1)
  An ugly thing (D:13)
  5 cyclopes
  9 manticores
  3 elephants (Lair:5)
  2 centaur zombies (D:12)
  4 merfolk sirens
  A black mamba (Lair:5)
  A torpor snail (Lair:2)
  2 ice statues (IceCv)
  Psyche (D:9)
  7 cane toads
  7 komodo dragons
  7 rime drakes
  An efreet (Gauntlet)
  A freezing wraith (D:14)
  6 polar bears
  A wind drake (Shoals:1)
  3 merfolk (Shoals:1)
  5 trolls
  4 hornets
  5 dream sheep
  5 snapping turtles
  19 blink frogs
  5 shadows (D:12)
  5 wraiths
  2 spriggans (D:11)
  6 wyverns
  11 fire bats
  3 vampires (D:12)
  12 humans (D:13)
  24 yaks
  A chaos spawn (Gauntlet)
  3 steam dragons
  3 basilisks
  4 vampire mosquitoes (D:14)
  Edmund (D:5)
  2 nagas (Lair:3)
  A warg (Orc:1)
  11 water moccasins
  An acid dragon (D:14)
  3 hell hounds
  A black bear (D:11)
  A sky beast (D:8)
  20 orc warriors
  3 great orb of eyes simulacra (IceCv)
  5 ice beasts
  21 wolves
  6 ogres
  27 centaurs
  2 phantoms
  A slime creature simulacrum (IceCv)
  2 kobold brigands
  7 bullfrogs
  3 necrophages
  2 gnoll sergeants
  A glowing shapeshifter simulacrum (IceCv)
  5 scorpions
  5 wights
  9 killer bees
  A howler monkey (D:11)
  3 electric eels (Lair:4)
  6 lava snakes
  4 jellies
  Crazy Yiuf (D:3)
  2 gnoll boudas
  10 orc priests
  4 hounds
  Natasha (twice) (D:2)
  3 iguanas
  9 orc wizards
  3 shapeshifter simulacra (IceCv)
  21 gnolls
  10 adders
  8 river rats
  A shadow imp (D:8)
  An ufetubus (D:5)
  A dart slug (D:4)
  47 orcs
  11 ball pythons
  4 bats
  11 endoplasms
  3 giant cockroaches
  10 goblins
  6 hobgoblins
  3 quokkas (D:3)
  3 training dummies (Shoals:1)
  4 frilled lizards
  20 kobolds
  24 rats
  3 fire vortices (D:9)
643 creatures vanquished.

Vanquished Creatures (collateral kills)
  Fannar (Orc:1)
  A hydra (Lair:3)
  2 catoblepae
  Erica (D:11)
  A two-headed ogre (Volcano)
  A sea snake (Lair:5)
  A skeletal warrior (D:14)
  2 necromancers (D:13)
  4 manticores (Shoals:1)
  3 elephants (Lair:5)
  3 cane toads (Lair:5)
  A water nymph (Shoals:1)
  2 gargoyles (Gauntlet)
  2 unseen horrors
  3 komodo dragons
  A hornet (D:8)
  A polar bear (Lair:5)
  3 blink frogs
  2 dream sheep
  A snapping turtle (Lair:5)
  Prince Ribbit (D:9)
  9 slime creatures
  2 wraiths
  A spriggan (D:11)
  2 shadows
  2 fire bats (Volcano)
  A fire elemental (Gauntlet)
  A wyvern (Lair:5)
  A vampire (D:12)
  23 yaks
  4 humans (D:13)
  A neqoxec (Gauntlet)
  A hell hound (Gauntlet)
  3 water moccasins
  9 orc warriors
  2 sky beasts (D:8)
  2 ogres
  9 wolves
  2 centaurs
  2 bullfrogs
  4 killer bees
  A lava snake (Volcano)
  A jelly (Lair:4)
  2 orc priests (Orc:1)
  7 orc wizards
  A shapeshifter simulacrum (IceCv)
  3 gnolls
  23 orcs
  A kobold (D:7)
157 creatures vanquished.

Vanquished Creatures (others)
  A slime creature (IceCv)
  2 dancing weapons (Orc:2)
  16 knights
  An ancestor (D:6)
  A demonic plant (Gauntlet)
  34 fungi
  92 plants
  5 withered plants
152 creatures vanquished.

Grand Total: 952 creatures vanquished

Notes
Turn   | Place    | Note
-------+----------+-------------------------------------------
     0 | D:1      | Bnni the Deep Elf Hunter began the quest for the Orb.
     0 | D:1      | Reached XP level 1. HP: 12/12 MP: 3/3
   108 | D:1      | Reached XP level 2. HP: 17/17 MP: 4/4
   265 | D:1      | Reached skill level 6 in Ranged Weapons
   700 | D:2      | Reached XP level 3. HP: 21/21 MP: 5/5
   895 | D:2      | Noticed Natasha
   910 | D:2      | Killed Natasha
   968 | D:2      | Reached XP level 4. HP: 27/27 MP: 6/6
  1086 | D:2      | Noticed Natasha
  1088 | D:2      | Killed Natasha
  1089 | D:2      | Reached skill level 7 in Ranged Weapons
  1255 | D:3      | Found a broken altar of Ashenzari.
  1289 | D:3      | Found a bloodstained altar of Trog.
  1290 | D:3      | Found a burning altar of Makhleb.
  1483 | D:3      | Found a glowing drain.
  1499 | Sewer    | Entered a sewer
  1528 | Sewer    | Reached XP level 5. HP: 31/31 MP: 7/7
  1652 | Sewer    | HP: 1/32 [river rat (6)]
  1675 | Sewer    | Reached skill level 8 in Ranged Weapons
  1865 | Sewer    | Reached XP level 6. HP: 35/37 MP: 8/8
  2196 | D:3      | Found an ancient bone altar of Kikubaaqudgha.
  2355 | D:3      | Found a runed translucent door.
  2356 | D:3      | Noticed Crazy Yiuf
  2589 | D:3      | Killed Crazy Yiuf
  2721 | D:4      | Reached skill level 9 in Ranged Weapons
  2877 | D:4      | Found Zuitabitz's Antique Armour Boutique.
  3460 | D:5      | Entered Level 5 of the Dungeon
  3495 | D:5      | Reached XP level 7. HP: 42/42 MP: 9/9
  3598 | D:5      | Found a staircase to the Ecumenical Temple.
  3605 | Temple   | Entered the Ecumenical Temple
  3611 | Temple   | Became a worshipper of Hepliaklqana the Forgotten
  3623 | Temple   | Identified a scroll of acquirement
  3641 | D:5      | Reached skill level 10 in Ranged Weapons
  3686 | D:5      | Identified the ring of Modesty {rF+ rN+ Int+3}
  3783 | D:5      | Reached skill level 11 in Ranged Weapons
  3908 | D:5      | Noticed Edmund
  4181 | D:5      | Reached XP level 8. HP: 48/48 MP: 10/10
  4352 | D:5      | Killed Edmund
  4353 | D:5      | Reached skill level 1 in Shields
  4418 | D:6      | Reached * piety under Hepliaklqana
  4752 | D:6      | Reached skill level 5 in Fighting
  4771 | D:6      | Reached skill level 12 in Ranged Weapons
  5102 | D:6      | Reached XP level 9. HP: 48/48 MP: 11/11
  5139 | D:6      | Reached ** piety under Hepliaklqana
  5144 | D:6      | Remembered your ancestor Tankster McGee as a knight
  5387 | D:7      | Reached skill level 13 in Ranged Weapons
  5622 | D:7      | Acquired 980 gold pieces
  5722 | D:7      | Found a transporter.
  5993 | D:7      | Noticed Vildbasse's ghost (novice FoVM)
  6003 | D:7      | Found a transporter.
  6015 | D:7      | Noticed a red devil
  6304 | D:8      | Reached skill level 14 in Ranged Weapons
  6304 | D:8      | Reached skill level 1 in Invocations
  6305 | D:8      | Acquired the amulet "Bydepsig" {Spirit -Cast rPois Str+3
                  | Slay+3}
  6430 | D:8      | Reached XP level 10. HP: 6/53 MP: 1/13
  6618 | D:8      | Reached skill level 5 in Dodging
  6778 | D:8      | Found Aguac's Book Shoppe.
  6793 | D:8      | Found a burning altar of Makhleb.
  7234 | D:9      | Reached skill level 15 in Ranged Weapons
  7236 | D:9      | Noticed a centaur warrior
  7242 | D:9      | Killed a centaur warrior
  7510 | D:9      | Noticed Psyche
  7514 | D:9      | Killed Psyche
  7571 | D:9      | Noticed Prince Ribbit
  7577 | D:9      | Killed Prince Ribbit
  7639 | D:9      | Reached skill level 16 in Ranged Weapons
  7642 | D:9      | Reached XP level 11. HP: 60/60 MP: 16/16
  7644 | D:9      | Reached skill level 5 in Invocations
  7892 | D:10     | Entered Level 10 of the Dungeon
  7938 | D:10     | Noticed a two-headed ogre
  7943 | D:10     | Killed a two-headed ogre
  8141 | D:10     | Found a staircase to the Lair.
  8617 | D:11     | Reached *** piety under Hepliaklqana
  8773 | D:11     | Noticed Erica
  8780 | D:11     | Killed Erica
  8781 | D:11     | Reached skill level 17 in Ranged Weapons
  8794 | D:11     | Noticed Snorg
  8801 | D:11     | Killed Snorg
  8857 | D:11     | Noticed Harold
  8865 | D:11     | Killed Harold
  9075 | D:11     | Found a staircase to the Orcish Mines.
  9148 | D:11     | Found a runed translucent door.
  9154 | D:11     | Noticed anet's ghost (novice GrCj)
  9156 | D:11     | Identified the +4 trident of the Mordant God {freeze, rElec
                  | rF+ rC- SInv}
  9539 | D:11     | Killed anet's ghost
  9540 | D:11     | Reached XP level 12. HP: 66/66 MP: 19/19
  9703 | D:12     | Reached skill level 18 in Ranged Weapons
  9784 | D:12     | Noticed a boulder beetle
  9791 | D:12     | Killed a boulder beetle
  9803 | D:12     | Noticed Jorgrun
  9860 | D:12     | Killed Jorgrun
  9908 | D:12     | Reached **** piety under Hepliaklqana
 10110 | D:12     | Reached skill level 10 in Dodging
 10222 | D:12     | Noticed Urug
 10231 | D:12     | Killed Urug
 10232 | D:12     | Reached skill level 1 in Hexes
 10236 | D:12     | Reached skill level 1 in Spellcasting
 10418 | D:12     | Learned a level 3 spell: Summon Guardian Golem
 10419 | D:13     | Noticed a centaur warrior
 10570 | D:13     | Noticed an eight-headed hydra
 10574 | D:13     | Killed an eight-headed hydra
 10753 | D:13     | Noticed Josephine
 10761 | D:13     | Noticed a centaur warrior
 10950 | D:13     | Killed Josephine
 10953 | D:13     | Killed a centaur warrior
 10954 | D:13     | Reached XP level 13. HP: 59/72 MP: 14/22
 11083 | D:13     | Reached skill level 10 in Invocations
 11371 | D:13     | Reached skill level 5 in Hexes
 11378 | D:13     | Reached skill level 5 in Spellcasting
 11400 | D:13     | Found a gate to the Vaults.
 11505 | D:13     | Identified the +7 great sword "Heudduvytt" {flame, Fragile
                  | Int+8}
 11948 | D:8      | Bought Great Wizards, Vol. VII for 360 gold pieces
 11948 | D:8      | Bought a book of the Hunter for 312 gold pieces
 11952 | D:8      | Learned a level 3 spell: Tukima's Dance
 11956 | D:8      | Learned a level 3 spell: Portal Projectile
 11962 | D:8      | Learned a level 5 spell: Yara's Violent Unravelling
 11962 | D:8      | Bought a book of Beasts for 456 gold pieces
 11968 | D:8      | Learned a level 5 spell: Summon Mana Viper
 12187 | D:14     | Found Yghog's Mayhem Merchandise.
 12299 | D:14     | Reached skill level 1 in Translocations
 12418 | D:14     | Noticed Agnes
 12434 | D:14     | Killed Agnes
 12802 | D:14     | Reached skill level 10 in Fighting
 13229 | D:15     | Entered Level 15 of the Dungeon
 13242 | D:15     | Reached XP level 14. HP: 79/79 MP: 25/25
 13337 | Lair:1   | Entered Level 1 of the Lair of Beasts
 13401 | Lair:1   | Reached skill level 1 in Summonings
 13484 | Lair:1   | Reached ***** piety under Hepliaklqana
 14408 | Lair:2   | Identified the +1 scale mail of Tocuit {Harm Int+3}
 14905 | Lair:3   | Found a dark tunnel.
 14916 | Lair:3   | Identified the +1 sling of Propriety {freeze, Int+6 Dex-2
                  | SInv}
 14935 | Volcano  | Entered a volcano
 15094 | Volcano  | Found a radiant altar of Vehumet.
 15136 | Volcano  | Found a radiant altar of Vehumet.
 15388 | Lair:3   | Found a staircase to the Shoals.
 15504 | Lair:3   | Found a staircase to the Snake Pit.
 16129 | Lair:4   | Found a frozen archway.
 16136 | IceCv    | Entered an ice cave
 16169 | IceCv    | Reached skill level 10 in Hexes
 16271 | IceCv    | Noticed a quicksilver ooze
 16277 | IceCv    | Killed a quicksilver ooze
 16451 | IceCv    | Reached skill level 1 in Transmutations
 16560 | IceCv    | Noticed an azure jelly
 16576 | IceCv    | Killed an azure jelly
 16720 | IceCv    | Found a viscous altar of Jiyva.
 16740 | IceCv    | Identified the +2 robe of the Slug {rF++ Str+3 Dex-3}
 16849 | IceCv    | Reached skill level 1 in Armour
 17286 | Lair:4   | Found a staircase to the Slime Pits.
 17344 | Lair:4   | Reached XP level 15. HP: 48/83 MP: 16/27
 18097 | Lair:5   | Entered Level 5 of the Lair of Beasts
 18178 | Lair:5   | Reached skill level 5 in Summonings
 18731 | Lair:5   | Found the +6 Majin-Bo {spellvamp, MP+6 Int+6}
 18997 | Orc:1    | Entered Level 1 of the Orcish Mines
 19194 | Orc:2    | Entered Level 2 of the Orcish Mines
 19194 | Orc:2    | Found Ocimn's Weapon Shoppe.
 19361 | Orc:2    | Found a staircase to the Elven Halls.
 19369 | Orc:2    | Reached ****** piety under Hepliaklqana
 19371 | Orc:2    | Found a gate leading to a gauntlet.
 19380 | Gauntlet | Entered a Gauntlet
 19380 | Gauntlet | Found a transporter.
 19380 | Gauntlet | Found a runed translucent door.
 19406 | Gauntlet | Found a runed translucent door.
 19410 | Gauntlet | Found a transporter.
 19414 | Gauntlet | Found a transporter.
 19422 | Gauntlet | Found a transporter.
 19426 | Gauntlet | Found a transporter.
 19432 | Gauntlet | Found a runed translucent gate.
 19434 | Gauntlet | Found a transporter.
 19435 | Gauntlet | Found a runed translucent gate.
 19436 | Gauntlet | Found a runed translucent gate.
 19438 | Gauntlet | Found a transporter.
 19446 | Gauntlet | Found a transporter.
 19450 | Gauntlet | Found a transporter.
 19462 | Gauntlet | Found a transporter.
 19469 | Gauntlet | Found a runed translucent door.
 19481 | Gauntlet | Found a transporter.
 19493 | Gauntlet | Found a transporter.
 19506 | Gauntlet | Found a transporter.
 19519 | Gauntlet | Found a transporter.
 19647 | Gauntlet | Identified the ring "Juebraro" {rC- AC+4 Int+4}
 19683 | Gauntlet | Reached skill level 5 in Transmutations
 19780 | Gauntlet | Found the +4 Cigotuvi's embrace {Corpsefed rMiasma Drain
                  | rN+}
 19780 | Gauntlet | Identified the +7 war axe "Bojaps" {freeze, Int+6}
 19951 | Orc:2    | Found Dupeurr's Magic Scroll Shoppe.
 19951 | Orc:2    | Found Plog's Book Boutique.
 19954 | Orc:2    | Found Vaichela's Weapon Shop.
 19956 | Orc:2    | Found Abruhor's Armour Emporium.
 20580 | Orc:2    | Bought a scroll of acquirement for 832 gold pieces
 20580 | Orc:2    | Acquired the ring "Paogin" {Contam rC++ Int+2 Dex+6}
 20649 | Orc:1    | Noticed Fannar
 20662 | Orc:1    | Killed Fannar
 20930 | Shoals:1 | Entered Level 1 of the Shoals
 20951 | Shoals:1 | Found Lukhadur's Book Shoppe.
 20956 | Shoals:1 | Bought a book of Hexes for 612 gold pieces
 20961 | Shoals:1 | Learned a level 4 spell: Cause Fear
 21091 | Shoals:1 | Found Quuth's Firing Range.
 21239 | Shoals:1 | Reached XP level 16. HP: 71/90 MP: 28/28
 21591 | Shoals:2 | Noticed Polyphemus
 21595 | Shoals:2 | Noticed Donald
 21611 | Shoals:1 | Hit by a large rock thrown by Polyphemus

Illustrated notes

Levels and vault maps discovered:
D:1:      dpeg_arrival_round_a, layout_basic, corexii_leaking_fountain,
          minmay_cupped
D:2:      layout_loops_cross, uniq_natasha
D:3:      layout_loops_cross, grunt_temple_overflow_open,
          mainiacjoe_overflow_catch_the_wave, portal_sewer_entry_b,
          uniq_crazy_yiuf_cottage
D:4:      layout_gridville, serial_shops, nicolae_shop_hallway_stairs
D:5:      layout_basic, minmay_temple_entry_junction_2, abandoned_shop,
          uniq_edmund
D:6:      kennysheep_six_static_rooms, layout_cave_pools, chequers_mini_garden,
          hangedman_decor_slide_cut, small_statue_intersection, minivault_22
D:7:      layout_layer_cave, gammafunk_ghost_abyssal_escape
D:8:      layout_cave_pools, serial_park, serial_park_square1
          [serial_park_minivault_5x5_1], serial_park_square3
          [serial_park_minivault_5x5_4], serial_park_gazebo
          [serial_park_minivault_5x5_4], serial_park_tiny_2, serial_shops,
          nicolae_diamond_shop, st_stairs_8
D:9:      layout_loops_ring, chequers_serial_rivers_micro_b,
          kennysheep_another_room, hangedman_incinerator, uniq_psyche,
          uniq_prince_ribbit1
D:10:     layout_basic, hellmonk_lair_entry_icy
D:11:     layout_basic, hiddenorc1_lemuel, ebering_ghost_funeral_grove,
          uniq_snorg, uniq_erica, uniq_harold
D:12:     layout_irregular_city, serial_undead, serial_undead_c,
          serial_undead_e, serial_undead_b, serial_undead_f, serial_undead_e,
          uniq_urug, uniq_jorgrun
D:13:     layout_cave_pools, grunt_vaults_entry_tiered, uniq_josephine
D:14:     layout_cave_pods, serial_park_tiny_1, minmay_shop_mayhem, uniq_agnes
D:15:     gammafunk_depths_entry_grave, layout_cave_pools,
          ebering_ghost_disaster_area
Temple:   eino_narrow_crystal_temple
Lair:1:   layout_chaotic_city, grunt_megastairs_1
Lair:2:   layout_gridlike, grunt_forest_large_clearings
Lair:3:   layout_cave_pods, minmay_shoals_entry_centaurs,
          guppyfry_snake_entry_garden, enter_volcano_1, wad_woods_river_03
Lair:4:   layout_cave_pods, nicolae_slime_entry_field_trip,
          portal_ice_cave_entry_pillars_2, grunt_megastairs_4,
          lemuel_fruit_fields, serial_bayou_shore_a
Lair:5:   gammafunk_lair_ancient_temple, layout_loops_ring
Shoals:1: layout_shoals, serial_shops, nicolae_shop_hallway_stairs,
          nicolae_shop_firing_range
Shoals:2: layout_shoals, nicolae_shoals_kraken_intersection, uniq_donald,
          uniq_ilsuiw, uniq_polyphemus
Orc:1:    layout_diamond_mine, uniq_fannar
Orc:2:    st_orc_rangers, layout_diamond_mine, gauntlet_entry_generic,
          serial_shops, nicolae_shop_window_shopping

Skill      XL: |  1  2  3  4  5  6  7  8  9 10 11 12 13 14 15 16 |
---------------+-------------------------------------------------+-----
Ranged Weapons | 6 7 8 9 11 12 14 16 17 18 | 18.0
Fighting       | 2 3 4 5 6 7 8 9 10 11 | 11.4
Shields        | 3 4 |  4.0
Dodging        | 4 6 8 10 12 13 14 | 14.1
Invocations    | 2 4 7 9 11 13 14 | 14.0
Hexes          | 3 6 10 | 10.0
Spellcasting   | 3 6 |  6.0
Translocations | 3 |  3.0
Summonings     | 4 7 8 |  8.0
Transmutations | 1 6 |  6.9
Armour         | 1 3 4 |  4.2
Stealth        | |  1.2

Action                     |  1- 3 |  4- 6 |  7- 9 | 10-12 | 13-15 | 16-18 || total
---------------------------+-------+-------+-------+-------+-------+-------++-------
   Fire: Shortbow          |    82 |   177 |       |       |       |       ||   259
         Hand crossbow     |       |    25 |   186 |   440 |  1166 |    49 ||  1866
  Throw: Dart              |       |     2 |     5 |     4 |     4 |     2 ||    17
         Throwing net      |       |       |       |     1 |     3 |       ||     4
   Cast: Tukima's Dance    |       |       |       |       |     7 |       ||     7
 Invoke: Ancestor Identity |       |       |     1 |       |       |       ||     1
         Recall Ancestor   |       |       |     1 |     2 |     3 |       ||     6
         Ancestor Life: Kn |       |       |     1 |       |       |       ||     1
         Transference      |       |       |       |     1 |     5 |       ||     6
         Idealise          |       |       |       |       |     2 |       ||     2
  Evoke: Wand              |       |       |       |       |     2 |       ||     2
         Condenser vane    |       |       |       |       |     2 |       ||     2
    Use: Potion            |       |     1 |       |     1 |       |       ||     2
         Scroll            |       |       |    13 |     6 |    13 |     3 ||    35
 Armour: Leather armour    |     3 |    46 |     6 |    12 |    47 |     3 ||   117
         Troll leather arm |       |       |       |    23 |    26 |       ||    49
  Dodge: Dodged            |    21 |    79 |    27 |   100 |   320 |     9 ||   556
  Block: Buckler           |       |       |    14 |    35 |   102 |       ||   151

Table legend: (Time is in decaauts)
 A = Elapsed time spent in this place.
 B = Non-inter-level travel time spent in this place.
 C = Inter-level travel time spent in this place.
 D = Time resting spent in this place.
 E = Time spent auto-exploring this place.
 F = Levels seen in this place.
 G = Mean time per level.
                   A        B        C        D        E       F      G
               +--------+--------+--------+--------+--------+-----+--------+
         Total |  22049 |  20711 |   1338 |   1449 |  14622 |  29 |  760.3 |
       Dungeon |  13007 |  12128 |    879 |    999 |   8986 |  15 |  867.1 |
        Temple |     26 |     14 |     12 |      0 |      0 |   1 |   26.0 |
          Lair |   4631 |   4327 |    304 |     14 |   3424 |   5 |  926.2 |
        Shoals |    737 |    732 |      5 |      0 |    516 |   2 |  368.5 |
  Orcish Mines |   1382 |   1246 |    136 |      0 |    867 |   2 |  691.0 |
         Sewer |    648 |    648 |      0 |      9 |    436 |   1 |  648.0 |
      Ice Cave |    934 |    934 |      0 |    339 |    253 |   1 |  934.0 |
       Volcano |    254 |    254 |      0 |     15 |      0 |   1 |  254.0 |
      Gauntlet |    427 |    427 |      0 |     73 |    139 |   1 |  427.0 |
               +--------+--------+--------+--------+--------+-----+--------+

Top non-repeatable levels by time:
    D:12: 1324 daAuts
  Lair:4: 1204 daAuts
    D:14: 1192 daAuts
     D:7: 1105 daAuts
    D:11: 1091 daAuts
   Orc:2: 1056 daAuts
    D:13: 1013 daAuts
  Lair:3: 1013 daAuts
     D:9: 998 daAuts
   IceCv: 934 daAuts
     D:5: 921 daAuts
  Lair:2: 905 daAuts
    D:10: 853 daAuts
     D:4: 835 daAuts
     D:6: 828 daAuts
